 Dungeon Sprint DCSS version 0.24-a0-317-g5cb8de4b22 (webtiles) character file.

Game seed: 16935619657492648048

7500000 Hercules1031 the Axe Maniac (level 27, -1/298 HPs)
             Began as a Deep Dwarf Warper on May 16, 2019.
             Was the Champion of Makhleb.
             Slain by a meat berserker
             ... wielding a +9 battleaxe
              (64 damage)
             ... in the Dungeon (Sprint VIII: "Arena of Blood").
             The game lasted 00:04:05 (75 turns).

Hercules1031 the Axe Maniac (Deep Dwarf Warper)       Turns: 75, Time: 00:04:06

Health: -1/298     AC:  6    Str: 17    XL:     27
Magic:  34/54      EV: 35    Int: 16    God:    Makhleb [******]
Gold:   0          SH:  0    Dex: 21    Spells: 80/80 levels left

rFire    + . .     SeeInvis .   c - +∞ Axe of Woe
rCold    . . .     Gourm    .   (shield currently unavailable)
rNeg     + . .     Faith    .   b - +0 leather armour
rPois    .         Spirit   .   (no helmet)
rElec    .         Reflect  .   (no cloak)
rCorr    .         Harm     .   (no gloves)
MR       ++++.     NoTele   +   (no boots)
Stlth    +++++++++.             (no amulet)
HPRegen  0.00/turn              l - ring of protection from fire
MPRegen  0.34/turn              (no ring)

@: very slightly contaminated, non-regenerating, hasted, very quick
A: damage resistance, heal wounds, negative energy resistance 1, sense
surroundings 3, no regeneration
a: Heal Wounds, Minor Destruction, Lesser Servant of Makhleb, Major Destruction,
Greater Servant of Makhleb, Renounce Religion


You were in the Dungeon.
You worshipped Makhleb.
Makhleb was exalted by your worship.
You were not hungry.

You visited 1 branch

Inventory:

Hand Weapons
 a - a +0 hand axe
 c - the +∞ Axe of Woe (weapon)
   (You found it in the Dungeon)
Missiles
 e - 5 boomerangs of dispersal (quivered)
Armour
 b - a +0 leather armour (worn)
Jewellery
 l - a ring of protection from fire (left hand)
Scrolls
 d - a scroll of blinking
Potions
 g - a potion of curing
 h - a potion of heal wounds
 j - 2 potions of magic
 k - a potion of berserk rage
Comestibles
 f - a ration


   Skills:
 O Level 27 Fighting
 O Level 27 Axes
 O Level 27 Throwing
 O Level 27 Armour
 O Level 27 Dodging
 O Level 27 Stealth
 O Level 27 Unarmed Combat
 O Level 27 Spellcasting
   Level 3.2 Translocations
 O Level 27 Invocations


You had 80 spell levels left.
You didn't know any spells.
Your spell library contained the following spells:

 Spells                   Type           Power        Failure   Level  Hunger
 Blink                    Tloc           N/A          1%          2    None
 Shroud of Golubria       Chrm/Tloc      ####......   1%          2    None
 Gell's Gravitas          Tloc           ####......   1%          3    None
 Lesser Beckoning         Tloc           ####......   1%          3    None
 Teleport Other           Tloc           ####....     1%          3    None
 Passage of Golubria      Tloc           N/A          4%          4    None


Dungeon Overview and Level Annotations

Branches:
Dungeon (1/1)

Altars:
Makhleb


Innate Abilities, Weirdness & Mutations

You are resistant to damage.
You can heal yourself by infusing magical energy.
You resist negative energy. (rN+)
You passively map a large area around you.
You do not regenerate.


Message History

The accursed casts a spell at you. Something smites you!
The dread calls on the powers of darkness!
The meat berserker convulses!
Your body is wracked with pain!
You hear a shout! x5
Unknown command.
You feel yourself speed up.
The meat berserker hits you with a +9 battleaxe!!!!
* * * LOW HITPOINT WARNING * * *
You hear a shout! x4
A corpse begins to drag itself along the ground!
Some corpses meld into agglomerations of writhing flesh!
The accursed casts a spell at you. Something smites you!
* * * LOW HITPOINT WARNING * * *
You hear a shout! x5
A meat berserker comes into view. It is wielding a +9 battleaxe.
You hear a shout! x3
The meat berserker hits you with a +9 battleaxe!!!
You die...

* , , #....#.... , ,
#.......O#o..........
#.....O...#oo......#.
#........o.oo#.... #.
#...xM...o#V....O###.
#....#...O...o.......
#X)2M##......§#§O§...
#)))@x#..ooo#§§§....#
#)XxO..#*#.oVo§O....#
#x))))##....#)......#
#x.X.#z....V..#...)).
#...x#))O.........)).
#.....M.W........###.
#.................,#.
#..................#.
#.........#..........


You could see 3 accurseds, a meat beast, a sculptor of flesh, 3 large
abominations, a dread, 2 meat berserkers, 3 small abominations and 3 crawling
corpses.

Vanquished Creatures
  A hell beast (D)
  A greater mummy (D)
  11 vampire knights (D)
  22 ogres (D)
  6 two-headed ogres (D)
  72 orcs (D)
  2 large abominations (D)
  3 crawling corpses (D)
118 creatures vanquished.

Notes
Turn   | Place    | Note
-------+----------+-------------------------------------------
     0 | D        | Found the +∞ Axe of Woe
     0 | D        | Hercules1031 the Deep Dwarf Warper began the quest for the
                  | Orb.
     0 | D        | Reached XP level 1. HP: 19/19 MP: 3/3
     3 | D        | Noticed a meat berserker
     4 | D        | Became a worshipper of Makhleb the Destroyer
     5 | D        | Killed a meat berserker
     5 | D        | Reached skill level 15 in Fighting
     5 | D        | Reached XP level 2. HP: 52/52 MP: 4/4
     5 | D        | Reached XP level 3. HP: 60/60 MP: 5/5
     5 | D        | Reached XP level 4. HP: 68/68 MP: 6/6
     5 | D        | Reached XP level 5. HP: 75/75 MP: 7/7
     5 | D        | Reached XP level 6. HP: 84/84 MP: 8/8
     5 | D        | Reached XP level 7. HP: 91/91 MP: 9/9
     5 | D        | Reached XP level 8. HP: 99/99 MP: 10/10
     5 | D        | Gained mutation: You passively map the area around you.
                  | [Deep Dwarf growth]
     5 | D        | Reached XP level 9. HP: 108/108 MP: 11/11
     5 | D        | Reached XP level 10. HP: 116/116 MP: 12/12
     5 | D        | Reached XP level 11. HP: 123/123 MP: 13/13
     5 | D        | Reached XP level 12. HP: 132/132 MP: 14/14
     5 | D        | Reached XP level 13. HP: 139/139 MP: 15/15
     5 | D        | Noticed a bag of meat
     6 | D        | Noticed a bag of meat
     6 | D        | Noticed a bag of meat
     6 | D        | Noticed a bag of meat
     8 | D        | Killed a bag of meat
     8 | D        | Reached * piety under Makhleb
     8 | D        | Noticed a meat berserker
     9 | D        | Noticed a bag of meat
    10 | D        | Killed a bag of meat
    10 | D        | Gained mutation: You resist negative energy. (rN+) [Deep
                  | Dwarf growth]
    10 | D        | Reached XP level 14. HP: 156/156 MP: 16/16
    10 | D        | Killed a bag of meat
    10 | D        | Killed a bag of meat
    10 | D        | Reached ** piety under Makhleb
    10 | D        | Reached XP level 15. HP: 169/169 MP: 17/17
    12 | D        | Noticed a meat berserker
    13 | D        | Noticed a meat berserker
    13 | D        | Noticed a meat berserker
    13 | D        | Noticed a meat berserker
    14 | D        | Noticed a meat berserker
    15 | D        | Noticed a meat berserker
    15 | D        | Noticed a meat berserker
    16 | D        | Killed a meat berserker
    16 | D        | Killed a meat berserker
    16 | D        | Reached XP level 16. HP: 186/186 MP: 18/18
    16 | D        | Killed a meat berserker
    16 | D        | Reached *** piety under Makhleb
    16 | D        | Reached skill level 27 in Axes
    16 | D        | Reached skill level 27 in Armour
    16 | D        | Reached skill level 27 in Dodging
    16 | D        | Reached XP level 17. HP: 201/201 MP: 19/19
    16 | D        | Noticed a meat berserker
    17 | D        | Noticed a meat berserker
    17 | D        | Noticed a destroyer
    18 | D        | Killed a meat berserker
    18 | D        | Reached skill level 27 in Fighting
    18 | D        | Reached skill level 5 in Throwing
    18 | D        | Noticed a large bag of meat
    19 | D        | Noticed a meat berserker
    19 | D        | Killed a meat berserker
    19 | D        | Reached **** piety under Makhleb
    19 | D        | Gained mutation: You passively map a large area around you.
                  | [Deep Dwarf growth]
    19 | D        | Reached XP level 18. HP: 218/218 MP: 19/43
    19 | D        | Noticed a meat berserker
    20 | D        | Noticed a large bag of meat
    20 | D        | Noticed a destroyer
    21 | D        | Killed a meat berserker
    21 | D        | Reached skill level 15 in Throwing
    21 | D        | Reached skill level 27 in Spellcasting
    21 | D        | Reached XP level 19. HP: 226/226 MP: 19/50
    21 | D        | Killed a meat berserker
    21 | D        | Killed a large bag of meat
    21 | D        | Reached ***** piety under Makhleb
    22 | D        | Killed a meat berserker
    22 | D        | Reached skill level 27 in Throwing
    22 | D        | Reached XP level 20. HP: 236/236 MP: 19/51
    22 | D        | Killed a meat berserker
    22 | D        | Reached skill level 15 in Unarmed Combat
    22 | D        | Noticed a meat berserker
    22 | D        | Noticed a meat berserker
    23 | D        | Reached XP level 21. HP: 244/244 MP: 20/52
    25 | D        | Noticed a large bag of meat
    25 | D        | Reached skill level 27 in Stealth
    25 | D        | Reached skill level 27 in Invocations
    25 | D        | Reached ****** piety under Makhleb
    25 | D        | Reached skill level 27 in Unarmed Combat
    25 | D        | Reached XP level 22. HP: 254/254 MP: 20/53
    25 | D        | Noticed a destroyer
    26 | D        | Noticed a large bag of meat
    26 | D        | Noticed a destroyer
    27 | D        | Killed a destroyer
    28 | D        | Noticed a large bag of meat
    28 | D        | Killed a large bag of meat
    28 | D        | Reached XP level 23. HP: 262/262 MP: 21/54
    29 | D        | Noticed a destroyer
    29 | D        | Noticed a large bag of meat
    31 | D        | Noticed a destroyer
    34 | D        | Reached XP level 24. HP: 272/272 MP: 23/54
    34 | D        | Killed a destroyer
    35 | D        | Killed a destroyer
    35 | D        | Reached XP level 25. HP: 280/280 MP: 23/54
    36 | D        | Killed a large bag of meat
    37 | D        | Reached XP level 26. HP: 290/290 MP: 23/54
    37 | D        | Killed a destroyer
    41 | D        | Reached XP level 27. HP: 298/298 MP: 24/54
    41 | D        | Noticed a destroyer
    42 | D        | Killed a destroyer
    43 | D        | Noticed a destroyer
    43 | D        | Killed a large bag of meat
    44 | D        | Noticed a destroyer
    45 | D        | Noticed a destroyer
    47 | D        | Killed a destroyer
    51 | D        | Noticed a destroyer
    55 | D        | Killed a large bag of meat
    56 | D        | Killed a destroyer
    58 | D        | Noticed an accursed
    58 | D        | Killed a large bag of meat
    58 | D        | Killed a destroyer
    61 | D        | Killed a destroyer
    61 | D        | Killed a destroyer
    62 | D        | Noticed an accursed
    64 | D        | Noticed a meat beast
    64 | D        | Noticed an accursed
    65 | D        | Killed a destroyer
    66 | D        | Noticed an accursed
    67 | D        | Killed an accursed
    67 | D        | Killed a meat beast
    69 | D        | Noticed a dread
    72 | D        | Noticed a dread
    73 | D        | Noticed a meat beast
    75 | D        | Slain by a meat berserker

Levels and vault maps discovered:
D:        meatsprint

Skill      XL: |  1  2  3  4  5  6  7  8  9 10 11 12 13 14 15 16 17 18 19 20 21 |
---------------+----------------------------------------------------------------+-----
Fighting       | 15 18 19 22 24 27 | 27.0
Axes           | 18 20 22 25 27 | 27.0
Armour         | 18 20 22 25 27 | 27.0
Dodging        | 18 20 22 25 27 | 27.0
Throwing       | 7 15 27 | 27.0
Spellcasting   | 21 27 | 27.0
Stealth        | 23 27 | 27.0
Unarmed Combat | 17 27 | 27.0
Invocations    | 23 27 | 27.0
Translocations | |  3.2

Action                   |  1- 3 |  4- 6 |  7- 9 | 10-12 | 13-15 | 16-18 | 19-21 | 22-24 | 25-27 || total
-------------------------+-------+-------+-------+-------+-------+-------+-------+-------+-------++-------
Melee: Executioner's axe |     1 |       |       |       |     3 |     4 |     4 |     5 |    29 ||    46
Invok: Greater Servant o |       |       |       |       |       |       |       |       |     1 ||     1
  Use: Scroll            |       |       |       |       |       |       |       |     1 |       ||     1
       Potion            |       |       |       |       |       |       |       |       |     1 ||     1
Dodge: Dodged            |       |       |       |       |       |     1 |       |     1 |     6 ||     8

Table legend:
 A = Non-vault XP
 B = Vault XP
 C = Vault XP percentage of total XP
 D = Non-vault monster count
 E = Vault monster count
 F = Vault count percentage of total count
                 A         B        C        D         E       F
            +---------+---------+-------+---------+---------+-------
      Total | 1399497 | 1728809 |  55.3 |      35 |      80 |  69.6
            +---------+---------+-------+---------+---------+-------
          D | 1399497 | 1728809 |  55.3 |      35 |      80 |  69.6
            +---------+---------+-------+---------+---------+-------
